 Dungeon Crawl Stone Soup version 0.29.1-12-g30fa7ad0bf (webtiles) character file.

Game seed: 151535847730516942

3077 LustLizard the Skirmisher (level 9, -1/41 HPs)
             Began as a Spriggan Hunter on Dec 26, 2022.
             Killed from afar by an orc wizard (11 damage)
             ... with a puff of flame
             ... on level 7 of the Dungeon.
             The game lasted 00:12:16 (5071 turns).

LustLizard the Skirmisher (Spriggan Hunter)         Turns: 5071, Time: 00:12:17

Health: -1/41      AC:  2    Str: 13    XL:     9   Next: 58%
Magic:  18/18      EV: 18    Int:  6    God:
Gold:   106        SH:  0    Dex: 23    Spells: 17/19 levels left

rFire   . . .      SeeInvis +   v - +8 shortbow of Ykiozo {venom, rPois rN+++ Str+6 Int-4}
rCold   . . .      Faith    .   (shield currently unavailable)
rNeg    + + +      Spirit   .   c - +0 robe
rPois   +          Reflect  .   (helmet restricted)
rElec   .          Harm     .   (no cloak)
rCorr   .          Rampage  .   (gloves unavailable)
Will    +....                   (boots unavailable)
Stlth   +++++.....              g - amulet of regeneration
HPRegen 0.93/turn               (no ring)
MPRegen 0.16/turn               (no ring)

@: very quick
A: very small, no large weapons, unfitting armour, see invisible, speed 3
a: no special abilities


You were on level 7 of the Dungeon.
You visited 2 branches of the dungeon, and saw 8 of its levels.

You collected 290 gold pieces.
You spent 184 gold pieces at shops.

Inventory:

Hand Weapons
 a - a +0 shortbow
 v - the +8 shortbow of Ykiozo (weapon) {venom, rPois rN+++ Str+6 Int-4}
   (You bought it in a shop on level 6 of the Dungeon)

   Any ammunition fired from it poisons the flesh of those it strikes.
   Str:       It affects your strength (+6).
   Int:       It affects your intelligence (-4).
   rPois:     It protects you from poison.
   rN:        It renders you almost immune to negative energy.
Armour
 c - a +0 robe (worn)
Jewellery
 g - an amulet of regeneration (around neck)
 t - an amulet of faith
Wands
 p - a wand of acid (17)
 w - a wand of charming (1)
Scrolls
 b - 2 scrolls of immolation
 e - 3 scrolls of fear {unknown}
 f - 3 scrolls of teleportation
 h - 2 scrolls of enchant armour {unknown}
 i - 2 scrolls of identify
 j - a scroll of noise {unknown}
 k - a scroll of amnesia {unknown}
 l - a scroll of butterflies {unknown}
 o - 2 scrolls of vulnerability {unknown}
 q - a scroll of magic mapping {unknown}
 r - a scroll of poison {unknown}
 u - 2 scrolls of enchant weapon {unknown}
 x - a scroll of silence {unknown}
Potions
 d - a potion of lignification
 m - 2 potions of curing
 n - 2 potions of heal wounds
 s - a potion of mutation


   Skills:
 - Level 1.5 Fighting
 * Level 10.2 Ranged Weapons
 - Level 2.6 Dodging
 - Level 9.1 Stealth
 + Level 5.9 Spellcasting
 - Level 2.0 Air Magic
 - Level 2.0 Poison Magic
 + Level 6.0 Evocations


You had 17 spell levels left.
You knew the following spells:

 Your Spells              Type           Power      Damage    Failure   Level
a - Poisonous Vapours     Pois/Air       8%         N/A       19%         2

Your spell library contained the following spells:

 Spells                   Type           Power      Damage    Failure   Level
 Corpse Rot               Necr/Pois/Air  3%         N/A       85%         4


Dungeon Overview and Level Annotations

Branches:
Dungeon (7/15)             Temple (1/1) D:6

Altars:
Cheibriados
Elyvilon
Nemelex Xobeh
Okawaru
Ru
Sif Muna
Trog
Uskayaw
Vehumet
Xom
Zin
The Shining One

Shops:
D:6 (

Annotations:
D:3 2 transporters
D:4 Duvessa
D:5 3 runed translucent doors, BillyBaka's ghost, amateur MiFi; SunflowerHermit's ghost, amateur DgCj; nroviw's ghost, amateur TrFi; superradish's ghost, weakling DsDe
D:6 exclusion: oklob plant


Innate Abilities, Weirdness & Mutations

You are very small and have problems with some larger weapons.
You are too small for most types of armour.
You have supernaturally acute eyesight. (SInv)
You cover ground extremely quickly. (Speed+++)


Message History

The sky beast is almost dead.
You kill the sky beast!
Your Evocations skill increases to level 6!
No target in view!
You see here a sky beast corpse.
You now have 106 gold pieces (gained 7).
A white imp comes into view.
A white imp is nearby!
You shoot an arrow. The arrow hits the white imp.
The white imp shouts, "Slither home, thou craven beetle-headed swadder!"
The white imp is heavily wounded.
The white imp gestures at you. The puff of frost hits you.
You shoot an arrow. The arrow hits the white imp!
You kill the white imp!
No target in view!
Found a trident.
Okay, then.
An orc warrior, an orc and an orc wizard come into view.
You shoot an arrow. The orc warrior shouts!
The orc shouts!
The orc wizard shouts!
The arrow hits the orc warrior!
The orc warrior looks as sick as possible!
The orc warrior is heavily wounded.
You shoot an arrow.
The arrow closely misses the orc warrior.
You shoot an arrow.
The arrow closely misses the orc warrior.
The arrow barely misses the orc.
The orc warrior hits you with a +0 scimitar!
You shoot an arrow.
The arrow closely misses the orc warrior.
The arrow hits the orc!
You kill the orc!
The orc warrior hits you with a +0 scimitar!!
* * * LOW HITPOINT WARNING * * *
You kill the orc warrior!
The orc wizard casts a spell at you. The puff of flame hits you!
You die...

....#...# ............# #.....##
####.#.#.###.## #....o.#
..............# #......#
...#.#.......##
#..o.#)######.#..##...#
#....#.....)..#..##...#
#.)..#..########.#....##
......#...........#..#...
.......##@##########......
..................###.....
...######.#######.# #####.
.........#.# #. #####
#####.#####.#.########
....########...#.#####.#........
....##.........#..........##..##.
...............######......#..##.
...............)))..#.#....#..##.


You could see an orc wizard.

Vanquished Creatures
  A manticore (D:6)
  A gargoyle (D:6)
  A water moccasin (D:5)
  An orc warrior (D:7)
  A sky beast (D:7)
  A black bear (D:6)
  3 ogres
  A centaur (D:7)
  A phantom (D:6)
  2 bullfrogs
  3 scorpions
  3 necrophages
  5 wights (D:6)
  Dowan (D:4)
  2 hounds
  2 orc priests
  8 jellies (D:6)
  3 iguanas
  8 orc wizards
  10 gnolls
  7 adders
  A shadow imp (D:5)
  2 white imps
  2 worms (D:2)
  15 orcs
  8 ball pythons
  4 bats
  19 endoplasms
  A giant cockroach (D:1)
  3 goblins
  11 hobgoblins
  5 jackals
  5 kobolds
  A quokka (D:1)
  5 frilled lizards
  3 rats
150 creatures vanquished.

Vanquished Creatures (others)
  9 fungi (D:6)
9 creatures vanquished.

Grand Total: 159 creatures vanquished

Notes
Turn   | Place    | Note
-------+----------+-------------------------------------------
     0 | D:1      | LustLizard the Spriggan Hunter began the quest for the Orb.
     0 | D:1      | Reached XP level 1. HP: 10/10 MP: 2/2
   152 | D:1      | Reached XP level 2. HP: 14/14 MP: 3/3
   507 | D:1      | Reached XP level 3. HP: 18/18 MP: 4/4
   857 | D:2      | Reached skill level 5 in Ranged Weapons
   871 | D:2      | Reached XP level 4. HP: 22/22 MP: 5/5
  1037 | D:2      | Found a faded altar of an unknown god.
  1136 | D:3      | Noticed an ogre
  1214 | D:3      | Found a transporter.
  1448 | D:3      | Killed an ogre
  1449 | D:3      | Reached XP level 5. HP: 25/25 MP: 6/6
  1536 | D:3      | Found a transporter.
  1576 | D:3      | Learned a level 2 spell: Poisonous Vapours
  1774 | D:3      | Reached skill level 6 in Ranged Weapons
  1847 | D:4      | Reached skill level 5 in Stealth
  1872 | D:4      | Noticed Duvessa
  1881 | D:4      | Noticed Dowan
  1934 | D:4      | Found a sparkling altar of Nemelex Xobeh.
  2063 | D:4      | Reached skill level 1 in Air Magic
  2063 | D:4      | Reached skill level 1 in Poison Magic
  2063 | D:4      | Reached XP level 6. HP: 27/30 MP: 7/7
  2102 | D:4      | Killed Dowan
  2621 | D:5      | Entered Level 5 of the Dungeon
  2636 | D:5      | Identified the +6 flail of Benevolence {vorpal, rN+ rCorr
                  | Str+3 Dex-3}
  2661 | D:5      | Reached XP level 7. HP: 33/33 MP: 8/8
  2778 | D:5      | Reached skill level 7 in Ranged Weapons
  2854 | D:5      | Reached skill level 1 in Spellcasting
  3343 | D:5      | Found a runed translucent gate.
  3343 | D:5      | Found a runed translucent gate.
  3343 | D:5      | Found a runed translucent gate.
  3345 | D:5      | Noticed superradish's ghost (weakling DsDe)
  3345 | D:5      | Noticed nroviw's ghost (amateur TrFi)
  3348 | D:5      | Noticed SunflowerHermit's ghost (amateur DgCj)
  3348 | D:5      | Noticed BillyBaka's ghost (amateur MiFi)
  3662 | D:6      | Found Worale's Antique Weapon Shop.
  3668 | D:6      | Bought a polished shortbow for 184 gold pieces
  3668 | D:6      | Identified the +8 shortbow of Ykiozo {venom, rPois rN+++
                  | Str+6 Int-4} (You bought it in a shop on level 6 of the
                  | Dungeon)
  3742 | D:6      | Reached skill level 1 in Evocations
  3768 | D:6      | Reached XP level 8. HP: 31/37 MP: 12/12
  3785 | D:6      | Reached skill level 8 in Ranged Weapons
  3935 | D:6      | Noticed an oklob plant
  4070 | D:6      | Noticed a manticore
  4072 | D:6      | Noticed a gargoyle
  4102 | D:6      | Killed a manticore
  4103 | D:6      | Reached skill level 9 in Ranged Weapons
  4103 | D:6      | Reached XP level 9. HP: 31/41 MP: 14/16
  4175 | D:6      | Killed a gargoyle
  4300 | D:6      | Reached skill level 5 in Spellcasting
  4302 | D:6      | Reached skill level 5 in Evocations
  4347 | D:6      | Found a hide-covered altar of Uskayaw.
  4394 | D:6      | Found a staircase to the Ecumenical Temple.
  4401 | D:6      | You fall into a shaft and drop 1 floor!
  4499 | Temple   | Entered the Ecumenical Temple
  4711 | D:6      | Found a shimmering blue altar of Sif Muna.
  4906 | D:7      | Reached skill level 10 in Ranged Weapons
  5071 | D:7      | Killed from afar by an orc wizard

Illustrated notes

Levels and vault maps discovered:
D:1:      heliophobic_arrival_dark_side_of_the_moon, layout_basic
D:2:      layout_rooms, dilly_ecumenical_altar_fadedgnrine, minmay_crystal_water
D:3:      gammafunk_wand_slinger, layout_basic
D:4:      layout_cave_pools, nemelex_xobeh_ov_fountains_minmay,
          serial_column_ruins, column_ruins_hut_pillars,
          column_ruins_open_small, column_ruins_columns_straight,
          column_ruins_open_small, column_ruins_open_small,
          column_ruins_open_tiny_water, uniq_duvessa
D:5:      layout_loops_ring, gammafunk_ghost_cemetery, grunt_ministairs_7
D:6:      lemuel_slime, layout_loops_ring, kennysheep_little_box,
          nicolae_sif_muna_condensation, temple_green, serial_shops, shop,
          minmay_small_thing
D:7:      layout_basic, chequers_temple_overflow_minitemple
Temple:   hellmonk_temple_forest_ring

Skill      XL: |  1  2  3  4  5  6  7  8  9 |
---------------+----------------------------+-----
Stealth        | 2 3 4 5 7 8 9 |  9.1
Ranged Weapons | 5 6 7 9 10 | 10.2
Air Magic      | 1 2 |  2.0
Poison Magic   | 1 2 |  2.0
Spellcasting   | 2 4 5 |  5.9
Evocations     | 1 4 6 |  6.0
Fighting       | |  1.5
Dodging        | |  2.6

Action                   |  1- 3 |  4- 6 |  7- 9 || total
-------------------------+-------+-------+-------++-------
 Fire: Shortbow          |   101 |   188 |   214 ||   503
  Use: Scroll            |       |     3 |     3 ||     6
Armor: Robe              |     5 |     2 |     2 ||     9
Dodge: Dodged            |    47 |    55 |    41 ||   143
